Description

Legal e bonito

Build Order

Get SALT Encoding   

  14  0:17  Pylon  
  16  0:37  Gateway  
  16  0:46  Assimilator  
  17  0:56  Assimilator  
  19  1:10  Gateway  
  21  1:28  Cybernetics Core  
  22  1:39  Pylon  
  23  1:56  Warp Gate  
  24  2:04  Stalker x2  
  29  2:16  Pylon  
  30  2:34  Stalker x2  
  34  2:59  Nexus  
  34  3:13  Robotics Facility  
  35  3:21  Pylon  
  36  3:33  Shield Battery  
  38  3:52  Immortal  
  46  4:19  Gateway x2  
  47  4:29  Assimilator x2  
  47  4:31  Observer  
  50  4:42  Twilight Council  
  57  5:04  Pylon  
  58  5:09  Zealot x2  
  62  5:18  Charge  
  64  5:31  Templar Archives  
  70  5:56  Forge  
  70  6:07  Nexus  
  70  6:10  High Templar x4  
  74  6:15  Archon x2  
  74  6:16  Protoss Ground Weapons Level 1  
  78  6:22  Protoss Ground Armor Level 1  
  80  6:31  Gateway  
  81  6:40  Gateway  
  96  7:17  Gateway x2  
  108  7:44  Protoss Ground Weapons Level 2  
  110  7:48  Protoss Ground Armor Level 2  
  122  7:59  Assimilator x2  
  127  8:19  Gateway x2  
  152  8:57  Warp Prism  
  160  10:00  Nexus  
Spawning Tool Build Advisor. Get it on Overwolf

Go to:

Details

  • Created by: Vash
  • Published on: Mar 27, 2023
  • Modified on: Mar 27, 2023
  • Patch: 5.0.11
  • Difficulty: Easy
Show
View Real Time Build Order
Export as new Build Order

Comments (0)

There are no comments. Be the first!

Create an account to comment!